HSSL
FRESNO HS RED WINGS @ BISHOP GORMAN HS BALBASAURS
04/24/2026
 
TOP OF THE 1ST
Fresno HS Red Wings batting - Pitching for Bishop Gorman HS Balbasaurs : RHP Will Brown
Pitching: RHP Will Brown
Batting: RHB Bobby Burks 0-0: Called Strike
0-1: Ball
1-1: Ball
2-1: Fly out, F3 (Popup, 13S)
Batting: LHB Jack Mitchell 0-0: Called Strike
0-1: Foul Ball, location: 2F
0-2: Fly out, F8 (Flyball, 8LM)
Batting: RHB Jack Hogan 0-0: Ball
1-0: Ball
2-0: Fly out, F4 (Popup, 4D)
Top of the 1st over - 0 run(s), 0 hit(s), 0 error(s), 0 left on base; Fresno HS 0 - Bishop Gorman HS 0
BOTTOM OF THE 1ST
Bishop Gorman HS Balbasaurs batting - Pitching for Fresno HS Red Wings : RHP Thomas Mason
Pitching: RHP Thomas Mason
Batting: RHB Steve Murphy 0-0: Ball
1-0: Ball
2-0: Foul Ball, location: 2F
2-1: Foul Ball, location: 2F
2-2: Foul Ball, location: 2F
2-2: Ball
3-2: Base on Balls
Batting: RHB Jake Rutledge 0-0: Called Strike
Steve Murphy steals 2nd base
0-1: Ball
1-1: Called Strike
1-2: SINGLE (Line Drive, 8RS)
Steve Murphy to third
Batting: LHB Jean-Sébastien Beaudin 0-0: Ball
1-0: Ball
2-0: Ball
3-0: Base on Balls
Jake Rutledge to second
Batting: RHB Max Kimball 0-0: Fly out, F8 (Line Drive, 8RS)
0-0: Lined into DP, 8-6 (Line Drive, 8RS)
Batting: RHB Sidney Gilbert 0-0: Ball
1-0: Ball
2-0: Called Strike
2-1: Ball
3-1: Fly out, F6 (Popup, 6D)
Bottom of the 1st over - 0 run(s), 1 hit(s), 0 error(s), 2 left on base; Fresno HS 0 - Bishop Gorman HS 0
TOP OF THE 2ND
Fresno HS Red Wings batting - Pitching for Bishop Gorman HS Balbasaurs : RHP Will Brown
Batting: RHB Juan Bruno 0-0: Called Strike
0-1: Called Strike
0-2: Strikes out swinging
Batting: RHB Cristo Avalos 0-0: SINGLE (Line Drive, 6)
Batting: RHB Ward Dempsey 0-0: Ground out 6-3 (Groundball, 6S)
Cristo Avalos to second
Batting: RHB Johnny Carson 0-0: Ball
1-0: Ball
2-0: Ball
3-0: Called Strike
3-1: Foul Ball, location: 2F
3-2: Foul Ball, location: 2F
3-2: Base on Balls
Batting: LHB Julián Echevarría 0-0: DOUBLE (Flyball, 8LD)
Cristo Avalos scores
Johnny Carson to third
Runner from 3rd tries for Home, SAFE, no throw or cutoff
Batting: RHB Harvey Willis 0-0: Swinging Strike
0-1: Fly out, F6 (Popup, 6D)
Top of the 2nd over - 2 run(s), 2 hit(s), 0 error(s), 1 left on base; Fresno HS 2 - Bishop Gorman HS 0
BOTTOM OF THE 2ND
Bishop Gorman HS Balbasaurs batting - Pitching for Fresno HS Red Wings : RHP Thomas Mason
Batting: LHB Zhen-bang Rao 0-0: Swinging Strike
0-1: Ball
1-1: Foul Ball, location: 2F
1-2: Fly out, F4 (Line Drive, 4)
Batting: RHB Ramón Chávez 0-0: Ball
1-0: Ground out 5-3 (Groundball, 56S)
Batting: RHB Mario Ramírez 0-0: Bunt for hit - play at first, batter OUT! 1-3
Bottom of the 2nd over - 0 run(s), 0 hit(s), 0 error(s), 0 left on base; Fresno HS 2 - Bishop Gorman HS 0
TOP OF THE 3RD
Fresno HS Red Wings batting - Pitching for Bishop Gorman HS Balbasaurs : RHP Will Brown
Batting: RHB Bobby Burks 0-0: Ball
1-0: Foul Ball, location: 2F
1-1: SOLO HOME RUN (Flyball, 7D), Distance : 383 ft
Batting: LHB Jack Mitchell 0-0: Ball
1-0: Called Strike
1-1: Fly out, F9 (Line Drive, 9S)
Batting: RHB Jack Hogan 0-0: Ball
1-0: Ball
2-0: Called Strike
2-1: Ball
3-1: Foul Ball, location: 2F
3-2: Base on Balls
Batting: RHB Juan Bruno 0-0: Ball
1-0: Foul Ball, location: 2F
1-1: Ball
2-1: Called Strike
2-2: Foul Ball, location: 2F
2-2: Ball
3-2: Strikes out swinging
Batting: RHB Cristo Avalos 0-0: Ball
1-0: Ball
2-0: Ball
3-0: Called Strike
3-1: Called Strike
3-2: Foul Ball, location: 2F
3-2: Base on Balls
Jack Hogan to second
Batting: RHB Ward Dempsey 0-0: Called Strike
0-1: SINGLE (Groundball, 6MD)
Jack Hogan to third
Cristo Avalos to second
Runner from 3rd tries for Home, SAFE, no throw or cutoff
Batting: RHB Johnny Carson 0-0: Called Strike
0-1: Ball
1-1: Foul Ball, location: 2F
1-2: SINGLE (Line Drive, 7S)
Cristo Avalos to third
Ward Dempsey to second
Runner from 3rd tries for Home, SAFE, no throw or cutoff
Batting: LHB Julián Echevarría 0-0: Ball
1-0: Ball
2-0: Ball
3-0: Base on Balls
Ward Dempsey to third
Johnny Carson to second
Batting: RHB Harvey Willis 0-0: Ball
1-0: Foul Ball, location: 2F
1-1: Fly out, F8 (Flyball, 8RM)
Top of the 3rd over - 3 run(s), 3 hit(s), 0 error(s), 3 left on base; Fresno HS 5 - Bishop Gorman HS 0
BOTTOM OF THE 3RD
Bishop Gorman HS Balbasaurs batting - Pitching for Fresno HS Red Wings : RHP Thomas Mason
Batting: RHB Bryan Martínez 0-0: Called Strike
0-1: Called Strike
0-2: Fly out, F3 (Popup, 3S)
Pitching: RHP Jason Gutiérrez
Batting: RHB Steve Murphy 0-0: Foul Ball, location: 2F
0-1: Ball
1-1: SINGLE (Flyball, 7S)
Batting: RHB Jake Rutledge 0-0: Called Strike
0-1: Ball
Steve Murphy steals 2nd base
1-1: Fly out, F8 (Flyball, 8LM)
Batting: LHB Jean-Sébastien Beaudin 0-0: Foul Ball, location: 2F
0-1: Ball
1-1: Ball
2-1: SINGLE (Flyball, 4MD)
Steve Murphy to third
Runner from 3rd tries for Home, SAFE, no throw or cutoff
Batting: RHB Max Kimball 0-0: Ball
1-0: Foul Ball, location: 2F
1-1: Foul Ball, location: 2F
1-2: Foul Ball, location: 2F
1-2: Ground out 1-3 (Groundball, 13S)
Bottom of the 3rd over - 1 run(s), 2 hit(s), 0 error(s), 1 left on base; Fresno HS 5 - Bishop Gorman HS 1
TOP OF THE 4TH
Fresno HS Red Wings batting - Pitching for Bishop Gorman HS Balbasaurs : RHP Will Brown
Batting: RHB Bobby Burks 0-0: Called Strike
0-1: Swinging Strike
0-2: Ball
1-2: Foul Ball, location: 2F
1-2: Strikes out swinging
Batting: LHB Jack Mitchell 0-0: Ball
1-0: Swinging Strike
1-1: Swinging Strike
1-2: Strikes out swinging
Batting: RHB Jack Hogan 0-0: Ball
1-0: Ball
2-0: Ball
3-0: Base on Balls
Batting: RHB Juan Bruno 0-0: Ball
1-0: Called Strike
1-1: Ball
Wild Pitch!
Jack Hogan to second
2-1: Swinging Strike
2-2: Strikes out swinging
Top of the 4th over - 0 run(s), 0 hit(s), 0 error(s), 1 left on base; Fresno HS 5 - Bishop Gorman HS 1
BOTTOM OF THE 4TH
Bishop Gorman HS Balbasaurs batting - Pitching for Fresno HS Red Wings : RHP Jason Gutiérrez
Batting: RHB Sidney Gilbert 0-0: Called Strike
0-1: Called Strike
0-2: Ball
1-2: Strikes out swinging
Batting: LHB Zhen-bang Rao 0-0: Ball
1-0: Called Strike
1-1: Foul Ball, location: 2F
1-2: DOUBLE (Flyball, 89M)
Batting: RHB Ramón Chávez 0-0: Ball
1-0: Ball
2-0: Called Strike
2-1: Foul Ball, location: 2F
2-2: Foul Ball, location: 2F
2-2: Strikes out looking
Batting: RHB Mario Ramírez 0-0: Called Strike
0-1: Swinging Strike
0-2: Strikes out swinging
Bottom of the 4th over - 0 run(s), 1 hit(s), 0 error(s), 1 left on base; Fresno HS 5 - Bishop Gorman HS 1
TOP OF THE 5TH
Fresno HS Red Wings batting - Pitching for Bishop Gorman HS Balbasaurs : RHP Will Brown
Pitching: RHP Rafael Moreno
Batting: RHB Cristo Avalos 0-0: Foul Ball, location: 2F
0-1: Ball
1-1: Foul Ball, location: 2F
1-2: Ball
2-2: Strikes out swinging
Batting: RHB Ward Dempsey 0-0: Ball
1-0: Called Strike
1-1: Ball
2-1: SINGLE (Line Drive, 6MD)
Batting: RHB Johnny Carson 0-0: Foul Ball, location: 2F
0-1: Ball
1-1: Foul Ball, location: 2F
1-2: Ball
2-2: Ball
3-2: Base on Balls
Ward Dempsey to second
Batting: LHB Julián Echevarría 0-0: Foul Ball, location: 2F
0-1: Foul Ball, location: 2F
0-2: Fly out, F9 (Flyball, 89M)
Batting: RHB Harvey Willis 0-0: Ball
1-0: SINGLE (Groundball, 56)
Ward Dempsey to third
Johnny Carson to second
Runner from 3rd tries for Home, SAFE, no throw or cutoff
Batting: RHB Bobby Burks 0-0: Ball
1-0: SINGLE (Groundball, 56)
Johnny Carson to third
Harvey Willis to second
Runner from 3rd tries for Home, SAFE, no throw or cutoff
Batting: LHB Jack Mitchell 0-0: Foul Ball, location: 2F
0-1: Swinging Strike
0-2: Foul Ball, location: 2F
0-2: Ball
1-2: Foul Ball, location: 2F
1-2: Foul Ball, location: 2F
1-2: Ball
2-2: Reached on error, E4 (Groundball, 4)
Harvey Willis to third
Bobby Burks to second
Batting: RHB Jack Hogan 0-0: Called Strike
0-1: Ball
1-1: Ball
2-1: DOUBLE (Line Drive, 5L)
Harvey Willis scores
Bobby Burks scores
Jack Mitchell to third
Batting: RHB Juan Bruno 0-0: Called Strike
0-1: Fly out, F7 (Flyball, 7S)
Top of the 5th over - 4 run(s), 4 hit(s), 1 error(s), 2 left on base; Fresno HS 9 - Bishop Gorman HS 1
BOTTOM OF THE 5TH
Bishop Gorman HS Balbasaurs batting - Pitching for Fresno HS Red Wings : RHP Jason Gutiérrez
Batting: RHB Bryan Martínez 0-0: Foul Ball, location: 2F
0-1: Swinging Strike
0-2: Strikes out swinging
Batting: RHB Steve Murphy 0-0: Called Strike
0-1: Ball
1-1: Ball
2-1: Fly out, F7 (Flyball, 78M)
Batting: RHB Jake Rutledge 0-0: Ball
1-0: Reached on error, E6 (Groundball, 6)
Batting: LHB Jean-Sébastien Beaudin 0-0: Ball
1-0: Ball
2-0: Called Strike
2-1: Foul Ball, location: 2F
2-2: SINGLE (Flyball, 89S)
Jake Rutledge to second
Batting: RHB Max Kimball 0-0: Ball
1-0: Foul Ball, location: 2F
1-1: Ball
2-1: Fielders Choice at 2nd, 6-4 (Groundball, 6)
Bottom of the 5th over - 0 run(s), 1 hit(s), 1 error(s), 1 left on base; Fresno HS 9 - Bishop Gorman HS 1
TOP OF THE 6TH
Fresno HS Red Wings batting - Pitching for Bishop Gorman HS Balbasaurs : RHP Rafael Moreno
Pitching: LHP Brian Armstrong
Batting: RHB Cristo Avalos 0-0: Called Strike
0-1: Ball
1-1: Ball
2-1: Ball
3-1: Base on Balls
Batting: RHB Ward Dempsey 0-0: Ball
1-0: Foul Ball, location: 2F
1-1: Ball
2-1: Swinging Strike
2-2: Ball
3-2: Strikes out looking
Batting: RHB Johnny Carson 0-0: Called Strike
0-1: Called Strike
0-2: Ball
1-2: Ball
2-2: Strikes out swinging
Batting: LHB Julián Echevarría 0-0: Fly out, F5 (Popup, 5SF)
Top of the 6th over - 0 run(s), 0 hit(s), 0 error(s), 1 left on base; Fresno HS 9 - Bishop Gorman HS 1
BOTTOM OF THE 6TH
Bishop Gorman HS Balbasaurs batting - Pitching for Fresno HS Red Wings : RHP Jason Gutiérrez
Pitching: RHP Gabriel García
Batting: RHB Sidney Gilbert 0-0: Ball
1-0: SINGLE (Groundball, 56)
Batting: LHB Zhen-bang Rao 0-0: Ball
1-0: Foul Ball, location: 2F
1-1: Ball
2-1: DOUBLE (Line Drive, 78M)
Sidney Gilbert to third
Batting: RHB Ramón Chávez 0-0: Ball
Passed Ball!
Sidney Gilbert scores
Zhen-bang Rao to third
1-0: Ball
2-0: Ball
3-0: Called Strike
3-1: Swinging Strike
Passed Ball!
Zhen-bang Rao scores
3-2: Strikes out swinging
Batting: RHB Mario Ramírez 0-0: Ball
1-0: Fly out, F8 (Flyball, 8LM)
Batting: RHB Bryan Martínez 0-0: Called Strike
0-1: Ball
1-1: Reached on error, E5 (Groundball, 5S)
Batting: RHB Steve Murphy 0-0: Called Strike
0-1: Ball
1-1: Ball
2-1: Foul Ball, location: 2F
2-2: Strikes out looking
Bottom of the 6th over - 2 run(s), 2 hit(s), 1 error(s), 1 left on base; Fresno HS 9 - Bishop Gorman HS 3
TOP OF THE 7TH
Fresno HS Red Wings batting - Pitching for Bishop Gorman HS Balbasaurs : LHP Brian Armstrong
Batting: RHB Harvey Willis 0-0: Called Strike
0-1: Fly out, F7 (Line Drive, 7S)
Batting: RHB Bobby Burks 0-0: Called Strike
0-1: Ball
1-1: Ball
2-1: Ball
3-1: Base on Balls
Batting: LHB Jack Mitchell 0-0: Ball
1-0: Foul Ball, location: 2F
1-1: Swinging Strike
1-2: Foul Ball, location: 2F
1-2: Foul Ball, location: 2F
1-2: Strikes out swinging
Batting: RHB Jack Hogan 0-0: Called Strike
0-1: Ball
1-1: Ball
2-1: Ball
3-1: Foul Ball, location: 2F
3-2: Strikes out looking
Top of the 7th over - 0 run(s), 0 hit(s), 0 error(s), 1 left on base; Fresno HS 9 - Bishop Gorman HS 3
BOTTOM OF THE 7TH
Bishop Gorman HS Balbasaurs batting - Pitching for Fresno HS Red Wings : RHP Gabriel García
Batting: RHB Jake Rutledge 0-0: Called Strike
0-1: Swinging Strike
0-2: Foul Ball, location: 2F
0-2: Strikes out swinging
Batting: LHB Jean-Sébastien Beaudin 0-0: Called Strike
0-1: Called Strike
0-2: Foul Ball, location: 2F
0-2: Foul Ball, location: 2F
0-2: Strikes out swinging
Batting: RHB Max Kimball 0-0: Called Strike
0-1: Ball
1-1: Foul Ball, location: 2F
1-2: Foul Ball, location: 2F
1-2: Strikes out swinging
Bottom of the 7th over - 0 run(s), 0 hit(s), 0 error(s), 0 left on base; Fresno HS 9 - Bishop Gorman HS 3
TOP OF THE 8TH
Fresno HS Red Wings batting - Pitching for Bishop Gorman HS Balbasaurs : LHP Brian Armstrong
Pitching: RHP Craig Stanley
Batting: RHB Juan Bruno 0-0: SINGLE (Groundball, 4D)
Batting: RHB Cristo Avalos 0-0: Swinging Strike
0-1: Called Strike
0-2: Ball
1-2: SINGLE (Groundball, 6MD)
Juan Bruno to second
Batting: RHB Ward Dempsey 0-0: Fielders Choice at 2nd, 1-6 (Groundball, 13S)
Juan Bruno to third
Batting: RHB Johnny Carson 0-0: Ball
1-0: Ball
2-0: Ball
3-0: Foul Ball, location: 2F
3-1: Foul Ball, location: 2F
3-2: Foul Ball, location: 2F
3-2: Strikes out swinging
Batting: LHB Julián Echevarría 0-0: Ball
1-0: Ball
2-0: Called Strike
2-1: Ball
3-1: Base on Balls
Ward Dempsey to second
Batting: RHB Harvey Willis 0-0: Called Strike
0-1: Ball
1-1: Foul Ball, location: 2F
1-2: Ball
2-2: SINGLE (Line Drive, 6M)
Juan Bruno scores
Ward Dempsey to third
Julián Echevarría to second
Runner from 3rd tries for Home, throw and OUT!
Top of the 8th over - 1 run(s), 3 hit(s), 0 error(s), 2 left on base; Fresno HS 10 - Bishop Gorman HS 3
BOTTOM OF THE 8TH
Bishop Gorman HS Balbasaurs batting - Pitching for Fresno HS Red Wings : RHP Gabriel García
Pitching: RHP Jeff Pope
Batting: RHB Sidney Gilbert 0-0: Ball
1-0: Called Strike
1-1: SINGLE (Line Drive, 6D)
Batting: LHB Zhen-bang Rao 0-0: Swinging Strike
0-1: Foul Ball, location: 2F
0-2: Ball
1-2: Ball
2-2: SINGLE (Groundball, 34S)
Sidney Gilbert to second
Runner from 2nd tries for 3rd, SAFE, throw made to third
Batting: RHB Ramón Chávez 0-0: Ball
1-0: Swinging Strike
1-1: Foul Ball, location: 2F
1-2: Strikes out swinging
Batting: RHB Mario Ramírez 0-0: Foul Ball, location: 2F
0-1: Foul Ball, location: 2F
0-2: Ball
1-2: Strikes out swinging
Batting: RHB Bryan Martínez 0-0: Ball
1-0: Ball
2-0: Ball
3-0: Called Strike
3-1: Called Strike
3-2: Base on Balls
Zhen-bang Rao to second
Batting: RHB Steve Murphy 0-0: Called Strike
0-1: Ball
1-1: Foul Ball, location: 2F
1-2: Ball
2-2: Ball
3-2: Base on Balls
Sidney Gilbert scores
Zhen-bang Rao to third
Bryan Martínez to second
Batting: RHB Jake Rutledge 0-0: Foul Ball, location: 2F
0-1: Ball
1-1: Swinging Strike
1-2: Foul Ball, location: 2F
1-2: Strikes out swinging
Bottom of the 8th over - 1 run(s), 2 hit(s), 0 error(s), 3 left on base; Fresno HS 10 - Bishop Gorman HS 4
TOP OF THE 9TH
Fresno HS Red Wings batting - Pitching for Bishop Gorman HS Balbasaurs : RHP Craig Stanley
Batting: RHB Bobby Burks 0-0: Called Strike
0-1: SOLO HOME RUN (Flyball, 7D), Distance : 372 ft
Batting: LHB Jack Mitchell 0-0: Ball
1-0: Ball
2-0: Ball
3-0: Called Strike
3-1: Swinging Strike
3-2: Base on Balls
Batting: RHB Jack Hogan 0-0: Called Strike
0-1: Foul Ball, location: 2F
0-2: Hit by Pitch
Jack Mitchell to second
Batting: RHB Juan Bruno 0-0: Called Strike
0-1: Swinging Strike
0-2: Strikes out looking
Pitching: RHP Keith Crabtree
Batting: RHB Cristo Avalos 0-0: Ball
1-0: Swinging Strike
1-1: Called Strike
1-2: Ball
2-2: Strikes out swinging
Batting: RHB Ward Dempsey 0-0: Reached on error, E5 (Groundball, 56)
Jack Mitchell to third
Jack Hogan to second
Batting: RHB Johnny Carson 0-0: Ball
1-0: Called Strike
1-1: Fielders Choice at 2nd, 5-4 (Groundball, 56)
Top of the 9th over - 1 run(s), 1 hit(s), 1 error(s), 2 left on base; Fresno HS 11 - Bishop Gorman HS 4
BOTTOM OF THE 9TH
Bishop Gorman HS Balbasaurs batting - Pitching for Fresno HS Red Wings : RHP Jeff Pope
Batting: LHB Jean-Sébastien Beaudin 0-0: Ball
1-0: Ball
2-0: Ball
3-0: Base on Balls
Batting: RHB Max Kimball 0-0: Ball
1-0: Ball
2-0: Ball
3-0: Base on Balls
Jean-Sébastien Beaudin to second
Batting: RHB Sidney Gilbert 0-0: Ball
1-0: Foul Ball, location: 2F
1-1: Foul Ball, location: 2F
1-2: Fly out, F7 (Line Drive, 7LS)
Batting: LHB Zhen-bang Rao 0-0: Swinging Strike
0-1: SINGLE (Groundball, 4M)
Jean-Sébastien Beaudin to third
Max Kimball to second
Runner from 3rd tries for Home, SAFE, no throw or cutoff
Batting: RHB Ramón Chávez 0-0: Swinging Strike
0-1: Ball
1-1: Foul Ball, location: 2F
1-2: Fly out, F7 (Flyball, 7LM)
Batting: RHB Mario Ramírez 0-0: SINGLE (Groundball, 34D)
Max Kimball to third
Zhen-bang Rao to second
Runner from 3rd tries for Home, SAFE, throw made home
Zhen-bang Rao to third
Mario Ramírez to second
Pitching: RHP Greg Cooper
Batting: RHB Bryan Martínez 0-0: Called Strike
0-1: Ball
1-1: Ball
2-1: SINGLE (Line Drive, 56D)
Zhen-bang Rao scores
Mario Ramírez to third
Pitching: RHP Sandy Lund
Batting: RHB Steve Murphy 0-0: Ball
1-0: Ball
2-0: Foul Ball, location: 2F
2-1: Swinging Strike
2-2: Ball
3-2: Strikes out swinging
Bottom of the 9th over - 3 run(s), 3 hit(s), 0 error(s), 2 left on base; Fresno HS 11 - Bishop Gorman HS 7
Monday, December 5th, 2016 - OOTP Baseball 17.12 Build 75